 Dungeon Crawl Stone Soup version 0.28-a0-535-g6f645e4c1d (webtiles) character file.

Game seed: 5850850321588334676

23 shoop the Grasshopper (level 2, 0/15 HPs)
             Began as a Vine Stalker Warper on Sept 26, 2021.
             Slain by a quokka (1 damage)
             ... on level 2 of the Dungeon.
             The game lasted 00:01:27 (1340 turns).

shoop the Grasshopper (Vine Stalker Warper)         Turns: 1340, Time: 00:01:28

Health: 0/15       AC:  3    Str: 13    XL:     2   Next: 95%
Magic:  0/6        EV: 11    Int: 13    God:
Gold:   81         SH:  0    Dex: 13    Spells: 3/5 levels left

rFire   . . .      SeeInvis .   a - +2 dagger (flame)
rCold   . . .      Faith    .   (no shield)
rNeg    . . .      Spirit   +   b - +0 leather armour
rPois   .          Reflect  .   (no helmet)
rElec   .          Harm     .   (no cloak)
rCorr   .          Rampage  .   (no gloves)
Will    .....                   (no boots)
Stlth   +.........              (no amulet)
HPRegen 0.05/turn               (no ring)
MPRegen 0.10/turn               (no ring)

@: no status effects
A: fangs 2, magic shield, antimagic bite, no potion heal 2
a: no special abilities


You were on level 2 of the Dungeon.
You visited 1 branch of the dungeon, and saw 2 of its levels.

You collected 81 gold pieces.

Inventory:

Hand Weapons
 a - a +2 dagger of flaming (weapon)
 g - a +0 short sword
Missiles
 d - 5 boomerangs of dispersal (quivered)
Armour
 b - a +0 leather armour (worn)
Scrolls
 c - a scroll of blinking
 e - 2 scrolls of identify {unknown}
 f - 2 scrolls of silence {unknown}
 i - a scroll of enchant armour {unknown}
 j - 4 scrolls of vulnerability {unknown}
 l - a scroll of amnesia {unknown}
 m - a scroll of teleportation {unknown}
Potions
 h - a potion of flight {unknown}
 k - a potion of attraction {unknown}


   Skills:
 - Level 1.7 Fighting
 + Level 3.0 Short Blades
 - Level 0.8 Throwing
 - Level 0.7 Armour
 - Level 1.5 Dodging
 - Level 2.1 Spellcasting
 - Level 3.0 Translocations


You had 3 spell levels left.
You knew the following spells:

 Your Spells              Type           Power      Damage    Failure   Level
b - Blink                 Tloc           N/A        N/A       14%         2

Your spell library contained the following spells:

 Spells                   Type           Power      Damage    Failure   Level
 Gell's Gravitas          Tloc           4%         N/A       28%         3
 Lesser Beckoning         Tloc           9%         N/A       28%         3
 Teleport Other           Tloc           9%         N/A       28%         3
 Manifold Assault         Tloc           9%         N/A       95%         5


Dungeon Overview and Level Annotations

Branches:
Dungeon (2/15)

Altars:

Shops:
D:2 [


Innate Abilities, Weirdness & Mutations

You have extremely sharp teeth.
When hurt, damage is shared between your health and your magic reserves.
Your bite disrupts and absorbs the magic of your enemies.
Potions cannot restore your health.


Message History

You kill the kobold!
A quokka comes into view.
The goblin hits you with a +0 dagger.
Things that are here:
a +0 dagger; 2 stones You closely miss the goblin.
The goblin hits you but does no damage.
You barely miss the goblin. The goblin barely misses you.
You hit the goblin. You burn the goblin.
The goblin is heavily wounded.
The goblin closely misses you.
You completely miss the goblin. Your bite misses the goblin.
The goblin is heavily wounded.
The goblin hits you with a +0 dagger.
You barely miss the goblin. Your bite misses the goblin.
The goblin is heavily wounded.
The goblin hits you but does no damage.
You hit the goblin but do no damage. You bite the goblin, but do no damage.
The goblin is heavily wounded.
The quokka bites you. The goblin hits you with a +0 dagger.
You hit the goblin but do no damage.
The goblin is heavily wounded.
The quokka bites you.
You barely miss the goblin. Your bite misses the goblin.
The goblin is heavily wounded.
The goblin hits you with a +0 dagger. The quokka bites you.
You closely miss the goblin. Your bite misses the goblin.
The goblin is heavily wounded.
The goblin barely misses you. The quokka bites you.
You hit the goblin but do no damage.
The goblin is heavily wounded.
The goblin hits you with a +0 dagger. The quokka bites you.
You are too injured to fight recklessly!
You are too injured to fight recklessly!
The goblin hits you with a +0 dagger.
* * * LOW HITPOINT WARNING * * *
The quokka bites you.
* * * LOW HITPOINT WARNING * * *
You see here a hobgoblin corpse.
The quokka bites you.
You die...

#...#.....## #.# # ##
#...#....#####.#
#...#..........#
#...####.#..∩..#
.._..# #.#.#####
...⌠...##.#.####
...###...##.....#####
...# #...##.##......
####...gr@.(.....
#.....†...#.<..##
#..##.##.##.#.##
#..)......... #
##.##.##.#...
#.##.##.#.###
#.......# # #....####
#..#..


You could see a quokka and a goblin.

Vanquished Creatures
  A dart slug (D:1)
  4 goblins
  2 hobgoblins
  4 kobolds
  3 quokkas (D:1)
  2 ball pythons
  A bat (D:1)
  2 frilled lizards (D:1)
  A rat (D:1)
20 creatures vanquished.

Notes
Turn   | Place    | Note
-------+----------+-------------------------------------------
     0 | D:1      | shoop the Vine Stalker Warper began the quest for the Orb.
     0 | D:1      | Reached XP level 1. HP: 11/11 MP: 4/4
   381 | D:1      | Reached XP level 2. HP: 12/15 MP: 4/6
   543 | D:1      | Learned a level 2 spell: Blink
  1293 | D:2      | Found Gegiahol's Armour Shop.
  1294 | D:2      | Found a faded altar of an unknown god.
  1340 | D:2      | Slain by a quokka

Illustrated notes

Levels and vault maps discovered:
D:1:      minmay_arrival_checkered_box, layout_basic
D:2:      layout_loops_ring, serial_shops, shop,
          hellmonk_ecumenical_altar_crossroads, minmay_misc_feat_pillars,
          st_stairs_2, nrook_uturn, uniq_sigmund

Skill      XL: |  1  2 |
---------------+-------+-----
Short Blades   | 2 3 |  3.0
Fighting       | |  1.7
Throwing       | |  0.8
Armour         | |  0.7
Dodging        | |  1.5
Spellcasting   | |  2.1
Translocations | |  3.0

Action                   || total
-------------------------++-------
Melee: Short sword       ||    28
       Bite              ||     5
       Dagger            ||    32
Armor: Leather armour    ||    11
Dodge: Dodged            ||    30

Table legend: (Time is in decaauts)
 A = Elapsed time spent in this place.
 B = Non-inter-level travel time spent in this place.
 C = Inter-level travel time spent in this place.
 D = Time resting spent in this place.
 E = Time spent auto-exploring this place.
 F = Levels seen in this place.
 G = Mean time per level.
                   A        B        C        D        E       F      G
               +--------+--------+--------+--------+--------+-----+--------+
         Total |   1334 |   1316 |     18 |      0 |   1157 |   2 |  667.0 |
       Dungeon |   1334 |   1316 |     18 |      0 |   1157 |   2 |  667.0 |
               +--------+--------+--------+--------+--------+-----+--------+

Top non-repeatable levels by time:
     D:1: 1220 daAuts
     D:2: 114 daAuts
